 Dungeon Crawl Stone Soup version 0.22-a0-348-gd16d139 (webtiles) character file.

681079 nikopol the Archmage (level 27, -7/133 HPs)
             Began as a Deep Elf Fire Elementalist on Mar 28, 2018.
             Was the Champion of Vehumet.
             Mangled by Emeeghass the pandemonium lord (29 damage)
             ... on level 9 of a ziggurat on Apr 7, 2018.
             The game lasted 10:25:11 (97944 turns).

nikopol the Archmage (Deep Elf Fire Elementalist)  Turns: 97944, Time: 10:25:12

Health: -7/133     AC: 18    Str:  8    XL:     27
Magic:  34/56      EV: 21    Int: 41    God:    Vehumet [******]
Gold:   7094       SH: 15    Dex: 18    Spells: 6/80 levels left

rFire    + + +     SeeInvis +   N - +3 Elemental Staff {rElec rF++ rC++ MR++ AC+5}
rCold    + . .     Gourm    .   Q - +1 buckler {rN+}
rNeg     + + +     Faith    .   O - +2 robe {rN+}
rPois    +         Spirit   .   o - +3 crown of Dyrovepreva {rElec Int+2 SInv}
rElec    +         Reflect  +   Y - +1 cloak {MR+}
rCorr    .         Harm     .   h - +2 pair of gloves
MR       +++++                  w - +0 pair of boots of Knowledge {+Fly rF+ Dex+3}
Stlth    ++........             f - +5 amulet of reflection
HPRegen  0.32/turn              X - ring "Pioh" {Fire Int+5}
MPRegen  0.35/turn              k - ring "Joshais" {rPois rN+ MR+ Str+3 Stlth-}

@: studying Translocations
A: blurry vision 2, MP-powered wands
}: 3/15 runes: serpentine, barnacled, silver
a: Renounce Religion, Evoke Flight


You were on level 9 of a ziggurat.
You worshipped Vehumet.
Vehumet was exalted by your worship.
You were hungry.

You visited 11 branches of the dungeon, and saw 52 of its levels.
You visited the Abyss 1 time.
You visited 1 ziggurat, and saw 9 of its levels.
You also visited: Bailey and Volcano.

You collected 8243 gold pieces.
You spent 1149 gold pieces at shops.

Inventory:

Hand Weapons
 N - the +3 Elemental Staff (weapon) {rElec rF++ rC++ MR++ AC+5}
   (You found it on level 8 of the Dungeon)

   It affects your AC (+5).
   It greatly protects you from fire.
   It greatly protects you from cold.
   It insulates you from electricity.
   It affects your resistance to hostile enchantments.
Armour
 h - a +2 pair of gloves (worn)
 o - the +3 crown of Dyrovepreva (worn) {rElec Int+2 SInv}
   (You found it on level 3 of the Crypt)

   It affects your intelligence (+2).
   It insulates you from electricity.
   It lets you see invisible.
 w - the +0 pair of boots of Knowledge (worn) {+Fly rF+ Dex+3}
   (You found it on level 4 of the Depths)

   It affects your dexterity (+3).
   It protects you from fire.
   It lets you fly.
 O - a +2 robe of positive energy (worn)
 Q - a +1 buckler of positive energy (worn)
 Y - a +1 cloak of magic resistance (worn)
Jewellery
 f - a +5 amulet of reflection (around neck)
 j - the ring of Cetaxeaq {rC+ MP+9 SInv}
   (You acquired it on level 1 of the Elven Halls)

   [ring of magical power]

   It protects you from cold.
   It affects your magic capacity (+9).
   It lets you see invisible.
 k - the ring "Joshais" (right hand) {rPois rN+ MR+ Str+3 Stlth-}
   (You acquired it on level 2 of the Depths)

   [ring of poison resistance]

   It affects your strength (+3).
   It protects you from poison.
   It protects you from negative energy.
   It affects your resistance to hostile enchantments.
   It makes you less stealthy.
 L - the ring "Opal" {Fire +Blink Str+2 Stlth-}
   (You found it on level 1 of the Lair of Beasts)

   [ring of fire]

   It enhances your fire magic.
   It affects your strength (+2).
   It protects you from fire.
   It makes you vulnerable to cold.
   It lets you blink.
   It makes you less stealthy.
 X - the ring "Pioh" (left hand) {Fire Int+5}
   (You found it on level 6 of a ziggurat)

   [ring of fire]

   It enhances your fire magic.
   It affects your intelligence (+5).
   It protects you from fire.
   It makes you vulnerable to cold.
Wands
 d - a wand of polymorph (62)
 e - a wand of disintegration (8)
 t - a wand of iceblast (49)
 z - a wand of enslavement (35)
 A - a wand of acid (14)
 B - a wand of paralysis (107)
 H - a wand of scattershot (11)
 I - a wand of flame (227)
 M - a wand of digging (42)
Scrolls
 n - 19 scrolls of remove curse
 p - 24 scrolls of teleportation
 s - 10 scrolls of amnesia
 u - 18 scrolls of enchant weapon
 x - 3 scrolls of brand weapon
 y - 9 scrolls of magic mapping
 C - 11 scrolls of fog
 E - 8 scrolls of enchant armour
 F - 8 scrolls of fear
 P - 13 scrolls of identify
 T - 2 scrolls of holy word
 U - 4 scrolls of blinking
 V - 2 scrolls of silence
 W - 6 scrolls of summoning
Potions
 b - 6 potions of heal wounds
 g - 9 potions of haste
 i - a potion of cancellation
 l - 9 potions of might
 m - 2 potions of magic
 q - 9 potions of brilliance
 r - 21 potions of curing
 v - 2 potions of invisibility
 D - 10 potions of agility
 G - a potion of ambrosia
 K - 4 potions of mutation
 R - 4 potions of flight
 S - 4 potions of resistance
Books
 a - a manual of Translocations
Comestibles
 c - 70 rations
 J - 8 chunks of flesh


   Skills:
 + Level 3.4 Fighting
   Level 0.1 Short Blades
 + Level 11.2 Dodging
 - Level 5.5 Stealth
 + Level 17.7 Shields
 O Level 27 Spellcasting
 O Level 27 Conjurations
 + Level 1.0 Charms
 + Level 6.0 Translocations
 O Level 27 Fire Magic
 + Level 9.9 Ice Magic
 * Level 8.9 Air Magic
 + Level 13.2 Earth Magic
 + Level 3.7 Evocations


You had 6 spell levels left.
You knew the following spells:

 Your Spells              Type           Power        Failure   Level  Hunger
a - Flame Tongue          Conj/Fire      #####        0%          1    None
b - Throw Flame           Conj/Fire      ######       0%          2    None
c - Conjure Flame         Conj/Fire      ########     0%          3    None
d - Sticky Flame          Conj/Fire      ########     0%          4    None
e - Fireball              Conj/Fire      #########.   0%          5    None
f - Lightning Bolt        Conj/Air       ########..   0%          5    None
g - Blink                 Tloc           N/A          1%          2    None
h - Bolt of Magma         Conj/Fire/Erth #########.   0%          5    None
i - Bolt of Fire          Conj/Fire      #########.   0%          6    None
j - Bolt of Cold          Conj/Ice       ########..   0%          6    None
k - Fire Storm            Conj/Fire      #########.   1%          9    None
l - Lee's Rapid Deconstr  Erth           ########..   1%          5    None
m - Lehudib's Crystal Sp  Conj/Erth      ########..   1%          8    None
n - Ring of Flames        Chrm/Fire      ########..   1%          7    None
o - Deflect Missiles      Chrm/Air       #######...   5%          6    None


Dungeon Overview and Level Annotations

Branches:
Dungeon (15/15)            Temple (1/1) D:5            Lair (6/6) D:11
 Shoals (4/4) Lair:3        Snake (4/4) Lair:3        Slime (0/5) Lair:5
    Orc (2/2) D:11            Elf (3/3) Orc:2        Vaults (5/5) D:14
  Crypt (3/3) Vaults:2       Tomb (0/3) Crypt:3      Depths (5/5) D:15
    Zot (4/5) Depths:5

Altars:
Ashenzari
Cheibriados
Dithmenos
Elyvilon
Fedhas
Gozag
Hepliaklqana
Kikubaaqudgha
Makhleb
Nemelex Xobeh
Okawaru
Qazlal
Ru
Sif Muna
Trog
Uskayaw
Vehumet
Wu Jian
Xom
Yredelemnul
Zin
The Shining One
Beogh

Shops:
D:8 }   Orc:2 [(%%   Elf:2 (   Elf:3 =}=   Shoals:4 *   Snake:4 *   Vaults:3 (
Depths:1 *[:

Portals:
Hell: Depths:1 Depths:2 Depths:3 Depths:4 Depths:5
Abyss: Depths:4
Pandemonium: Depths:3


Innate Abilities, Weirdness & Mutations

Scrolls take you longer to read.
You expend magic power (3 MP) to strengthen your wands.


Message History

A shadow demon comes into view.
Really read with blurry vision while enemies are nearby? [Y]es or [N]o only, please.
Really read with blurry vision while enemies are nearby? [Y]es or [N]o only, please.
Really read with blurry vision while enemies are nearby?
Emeeghass gestures.
The infernal corrupter calls forth creatures from the Crypt!
The ice dragon completely misses you.
The ice dragon claws you but does no damage.
The ice dragon tramples you but does no damage.
The golden dragon bites you but does no damage.
You block the golden dragon's attack. The golden dragon tramples you!
* * * LOW HITPOINT WARNING * * *
You stumble backwards!
Emeeghass closely misses you.
You begin reading the scroll.
You continue reading the scroll.
The infernal corrupter calls forth creatures from the Swamp!
The shadow demon gestures.
The reaper completely misses you. Emeeghass hits you!!
You die...

▓▓▓▓▓▓▓▓▓▓▓
▓.........▓
▓.........▓
▓▓▓▓▓.........▓
▓...............
▓.......4.......
▓..2.W.2)......)
▓@D.4)..#≈#....4
▓D&62.§.≈#≈2...|
▓D.43...#§#....3
▓W.D3....§.....
▓........§....
▓............
▓▓▓▓▓.......
...... ......


You could see Emeeghass, a golden dragon, 2 ice dragons, a reaper, a green
death, an infernal corrupter, a swamp dragon, a soul eater, 2 flayed ghosts, a
sun demon, a shadow demon, a hellwing, an ice devil and a red devil.

Vanquished Creatures
  2 ancient liches
  An orb of fire (Zot:1)
  A juggernaut (Depths:3)
  Margery (Crypt:1)
  Bai Suzhen (Depths:2)
  A Killer Klown (Zot:4)
  Nikola (Depths:1)
  6 golden dragons
  3 bone dragons
  Jorgrun (Vaults:1)
  The ghost of TheNamelessOne the Severer, an adept DsCK of Xom (Shoals:2)
  2 electric golems (Zot:1)
  Rupert (D:15)
  15 tentacled monstrosities
  5 titans
  2 quicksilver dragons
  8 liches
  A kraken (Shoals:3)
  4 deep elf blademasters
  4 sphinxes
  3 deep elf master archers
  6 ancient champions
  Frances (Shoals:1)
  4 death cobs
  3 tentacled starspawn (Abyss:2)
  The ghost of Bazinga the Executioner, an adept DsBe of Trog (Elf:3)
  8 shadow dragons
  5 draconian monks
  17 storm dragons
  Ilsuiw (Shoals:4)
  Roxanne (Snake:2)
  A daeva (Abyss:2)
  Aizul (Shoals:1)
  10 deep elf sorcerers
  17 tengu reavers
  11 fire giants
  9 nagarajas
  13 frost giants
  A frost giant (shapeshifter) (Vaults:5)
  6 draconian knights
  A caustic shrike zombie (Depths:2)
  18 vault wardens
  A ghost moth (Depths:3)
  3 iron dragons
  5 curse skulls
  9 draconian shifters
  10 draconian scorchers
  2 balrugs (Zig:9)
  An orc warlord (Orc:2)
  4 deep elf elementalists
  Louise (D:14)
  A draconian stormcaller (Zot:3)
  A spriggan defender (Depths:2)
  6 draconian annihilators
  5 entropy weavers
  27 very ugly things
  2 juggernaut skeletons
  11 ghouls
  14 ironheart preservers
  18 stone giants
  9 war gargoyles
  A black sun (Zig:9)
  9 vampire knights
  12 green draconians
  A stone giant (shapeshifter) (Vaults:5)
  7 deep elf demonologists
  12 black draconians
  A lorocyproca (Depths:4)
  Azrael (Elf:2)
  14 red draconians
  13 white draconians
  6 purple draconians
  Nessos (D:14)
  A dire elephant (shapeshifter) (Vaults:5)
  3 yellow draconians
  16 deep elf annihilators
  6 eidola
  2 crystal guardians
  A quicksilver dragon zombie (Crypt:3)
  13 deep elf death magi
  9 merfolk javelineers
  22 spark wasps
  14 ettins
  An ettin (shapeshifter) (Vaults:4)
  A blizzard demon (Depths:3)
  6 merfolk impalers
  The ghost of anet the Thaumaturge, a journeyman GnWz of Ashenzari (Orc:1)
  A mummy priest (Crypt:3)
  2 jiangshi (Crypt:3)
  13 yaktaur captains
  12 fire dragons
  7 great orbs of eyes
  7 deep elf high priests
  Harold (Orc:1)
  7 rakshasas
  17 naga warriors
  4 hydras
  6 ice dragons
  33 vault guards
  A quicksilver dragon skeleton (Depths:2)
  3 catoblepae
  2 juggernaut simulacra (Depths:4)
  9 spriggan air magi
  2 merfolk aquamancers (Shoals:4)
  8 merfolk avatars
  4 death knights
  4 alligator snapping turtles
  17 anacondas
  5 death yaks (Lair:5)
  2 satyrs
  9 tengu warriors
  7 centaur warriors
  18 ogre magi
  53 two-headed ogres
  33 dancing weapons
  A death yak (shapeshifter) (Vaults:5)
  11 deep troll shamans
  11 shock serpents
  3 orc high priests
  2 titan zombies
  3 thrashing horrors (Abyss:2)
  10 deep troll earth magi
  14 naga sharpshooters
  A shock serpent (shapeshifter) (Depths:4)
  5 vampire magi
  2 titan skeletons
  A spriggan berserker (Depths:3)
  29 deep elf knights
  A fire crab (Lair:5)
  3 spriggans (Depths:2)
  22 hell knights
  4 iron trolls
  4 soul eaters
  Nergalle (Orc:1)
  4 small abominations
  2 shadow wraiths
  The ghost of grom234 the Skirmisher, a novice FoAK of Lugonu (D:7)
  3 sixfirhies
  A fire crab (shapeshifter) (Vaults:5)
  15 sea snakes
  33 skeletal warriors
  A storm dragon skeleton (Crypt:3)
  2 spatial maelstroms (Abyss:2)
  An entropy weaver zombie (Crypt:2)
  A golden dragon zombie (Crypt:3)
  4 unseen horrors
  2 salamander mystics
  4 flayed ghosts
  13 starcursed masses
  3 wizards
  A death drake (shapeshifter) (Elf:1)
  11 naga ritualists
  6 glowing orange brains
  A deep troll (shapeshifter) (Depths:4)
  32 deep trolls
  An iron giant skeleton (Crypt:2)
  13 necromancers
  A shadow dragon zombie (Vaults:5)
  A lindwurm (Lair:4)
  21 harpies
  32 deep elf archers
  A sphinx zombie (Vaults:4)
  An orb spider (shapeshifter) (Vaults:5)
  11 ironbrand convokers
  3 frost giant zombies
  7 orc sorcerers
  2 wolf spider zombies
  5 phantasmal warriors
  13 manticores
  6 wolf spiders
  A tengu skeleton (Vaults:5)
  A harpy (shapeshifter) (Depths:4)
  16 mana vipers
  18 orc knights
  5 oklob plants
  A salamander (shapeshifter) (Depths:1)
  82 ugly things
  4 shadow dragon skeletons
  An iron dragon zombie (Depths:2)
  10 salamanders
  85 deep elf magi
  11 fauns
  7 elephants
  2 human skeletons
  16 moths of wrath
  6 cyclopes
  A stone giant skeleton (Vaults:5)
  7 guardian serpents
  10 merfolk sirens
  A worldbinder (Abyss:2)
  Maurice (D:9)
  2 frost giant skeletons (Vaults:5)
  A stone giant zombie (Crypt:3)
  13 vault sentinels
  29 black mambas
  An elephant (shapeshifter) (Depths:4)
  Joseph (D:8)
  A molten gargoyle (Volcano)
  3 torpor snails (Zig:6)
  3 water nymphs
  3 orange demons (Depths:3)
  27 naga magi
  7 smoke demons
  17 spiny frogs
  5 gargoyles
  2 rime drakes (Lair:6)
  2 titan simulacra
  A dire elephant skeleton (Crypt:1)
  A catoblepas zombie (Crypt:1)
  A spriggan skeleton (Depths:2)
  A spriggan zombie (Depths:2)
  A yaktaur (shapeshifter) (Vaults:3)
  5 komodo dragons
  50 yaktaurs
  A hellion (Zig:9)
  A rime drake (shapeshifter) (Vaults:4)
  An efreet (Depths:4)
  10 freezing wraiths
  A komodo dragon (shapeshifter) (Depths:3)
  A death drake zombie (Crypt:1)
  4 tengu conjurers
  6 hellwings
  2 redback zombies
  A yaktaur skeleton (Vaults:4)
  An ancient zyme (Abyss:2)
  9 trolls
  A hydra zombie (Crypt:3)
  A jumping spider (shapeshifter) (Depths:3)
  21 merfolk
  7 red devils
  2 polar bears
  3 wind drakes
  A meliai (shapeshifter) (Depths:3)
  The ghost of zero the Covert, a novice SpEn (D:3)
  7 hornets
  10 raiju
  A tengu simulacrum (Vaults:3)
  4 bog bodies
  3 hornets (shapeshifter)
  A blink frog (shapeshifter) (Depths:2)
  11 blink frogs
  A harpy skeleton (Crypt:3)
  40 slime creatures
  A dream sheep (shapeshifter) (Zig:1)
  10 hippogriffs
  A snapping turtle (shapeshifter) (Vaults:5)
  A stone giant simulacrum (Vaults:5)
  2 raiju (shapeshifter)
  8 dream sheep
  A fire dragon zombie (Crypt:3)
  13 snapping turtles
  A fire giant simulacrum (Vaults:4)
  5 air elementals
  A black mamba zombie (Crypt:3)
  4 shadows
  9 vampires
  3 redbacks (Vaults:5)
  20 water elementals
  A hog (shapeshifter) (Depths:3)
  7 wyverns
  2 tarantellas
  2 ynoxinuls (Abyss:2)
  3 basilisks
  2 fire bats (Volcano)
  24 yaks
  12 wraiths
  8 fire elementals
  2 chaos spawn
  2 neqoxecs (Abyss:2)
  6 hungry ghosts
  8 large abominations
  A steam dragon (shapeshifter) (Vaults:5)
  8 wargs
  A steam dragon (D:9)
  4 vampire mosquitoes (D:14)
  2 spatial vortices (Abyss:2)
  43 nagas
  3 acid dragons
  2 deep troll skeletons (Vaults:5)
  18 water moccasins
  5 hell hounds
  A spiny frog zombie (Crypt:1)
  A floating eye (Depths:2)
  7 porcupines
  7 sky beasts
  54 orc warriors
  A swamp drake (D:11)
  2 human zombies
  9 ice beasts
  A black bear (shapeshifter) (Depths:2)
  An alligator simulacrum (Crypt:1)
  49 ogres
  4 necrophages
  2 black bears (D:9)
  3 eyes of draining
  14 boggarts
  8 wolves (Lair:1)
  A snapping turtle skeleton (Crypt:1)
  An elf skeleton (Vaults:4)
  An eye of draining (shapeshifter) (Depths:1)
  3 phantoms
  A manticore skeleton (Crypt:3)
  9 centaurs
  16 crocodiles
  2 big kobolds
  16 bullfrogs
  An elf zombie (Crypt:2)
  5 earth elementals
  A gnoll sergeant (D:9)
  2 scorpions
  4 killer bees
  6 howler monkeys
  5 wights (D:7)
  2 electric eels (D:10)
  2 bullfrog zombies
  15 crimson imps
  6 lava snakes (Volcano)
  3 centaur zombies
  A human simulacrum (Vaults:1)
  6 hounds
  7 quasits
  A wolf skeleton (Crypt:2)
  41 orc priests
  A basilisk zombie (Crypt:1)
  A demonspawn zombie (Crypt:2)
  10 jellies
  4 centaur skeletons
  33 orc wizards
  A bullfrog skeleton (D:11)
  An iron imp (Depths:3)
  2 iguanas (D:4)
  5 lightning spires (Zot:1)
  14 worker ants
  2 naga zombies (Crypt:1)
  A hound skeleton (Crypt:1)
  A worker ant zombie (D:10)
  14 adders
  6 gnolls
  A howler monkey skeleton (D:4)
  6 shadow imps
  6 white imps
  2 ufetubi
  7 oozes
  2 adder zombies
  A worm (shapeshifter) (Vaults:1)
  2 adder skeletons
  3 worms (D:3)
  2 ball lightnings (Zot:1)
  3 dart slugs
  3 leopard geckos
  140 orcs
  11 bats
  5 giant cockroaches
  15 goblins
  9 hobgoblins
  10 jackals
  5 quokkas
  A ball python (D:1)
  2 frilled lizards
  15 kobolds
  A leopard gecko zombie (D:7)
  An orc skeleton (Crypt:2)
  A quokka skeleton (D:9)
  A quokka zombie (D:9)
  7 rats
  6 bushes
  3 crawling corpses
  11 plants
  3 starspawn tentacles (Abyss:2)
  15 withered plants (Crypt:3)
2757 creatures vanquished.

Vanquished Creatures (collateral kills)
  A titan (Vaults:5)
  A draconian scorcher (Zot:1)
  A vault warden (Vaults:2)
  A draconian shifter (Zot:4)
  3 ironheart preservers (Vaults:2)
  A very ugly thing (Vaults:4)
  An entropy weaver (Zig:6)
  A green draconian (Zot:1)
  A black draconian (Zot:2)
  A purple draconian (Zot:3)
  2 white draconians
  A deep elf death mage (Elf:2)
  A red draconian (Zot:4)
  2 skeletal warriors (Crypt:2)
  An iron troll (Depths:3)
  A deep troll (Vaults:4)
  A moth of wrath (Zot:4)
  3 orc warriors
  3 ogres
  An eye of draining (shapeshifter) (Vaults:2)
  A small abomination (Abyss:2)
  An orc wizard (Vaults:4)
  3 orcs
  A crawling corpse (Elf:3)
34 creatures vanquished.

Vanquished Creatures (others)
  A deep elf master archer (Depths:4)
  2 storm dragons (Zot:1)
  A vault warden (Vaults:5)
  2 stone giants
  A black draconian (Zot:1)
  A yaktaur captain (Vaults:1)
  A dancing weapon (Depths:3)
  Urug (Lair:5)
  A deep elf archer (Elf:1)
  A deep elf mage (Vaults:4)
  A gargoyle (Volcano)
  A yaktaur (Depths:2)
  A raiju (Zot:1)
  3 ball lightnings (Zot:1)
  406 fire vortices
  7 fungi
  6 plants
  5 starspawn tentacles (Abyss:2)
  4 tentacles (Shoals:3)
446 creatures vanquished.

Grand Total: 3237 creatures vanquished

Notes
Turn   | Place    | Note
-------+----------+-------------------------------------------
     0 | D:1      | nikopol the Deep Elf Fire Elementalist began the quest for the Orb.
     0 | D:1      | Reached XP level 1. HP: 10/10 MP: 6/6
   225 | D:1      | Reached XP level 2. HP: 15/15 MP: 5/8
   999 | D:2      | Found a faded altar of an unknown god.
  1040 | D:2      | Reached XP level 3. HP: 13/19 MP: 8/10
  1044 | D:2      | Learned a level 2 spell: Throw Flame
  1048 | D:2      | Learned a level 3 spell: Conjure Flame
  1444 | D:2      | Found a hazy altar of Hepliaklqana.
  1535 | D:2      | Reached XP level 4. HP: 23/24 MP: 9/12
  1975 | D:3      | Learned a level 4 spell: Sticky Flame
  2028 | D:3      | Reached XP level 5. HP: 27/28 MP: 0/14
  2445 | D:3      | Noticed zero's ghost (novice SpEn)
  2474 | D:3      | Reached skill level 5 in Spellcasting
  2484 | D:3      | Found a bloodstained altar of Trog.
  3334 | D:3      | Killed zero's ghost
  3334 | D:3      | Reached skill level 5 in Fire Magic
  3334 | D:3      | Reached XP level 6. HP: 32/32 MP: 0/17
  3620 | D:4      | Found a glowing golden altar of the Shining One.
  3685 | D:4      | Reached XP level 7. HP: 36/36 MP: 13/18
  3812 | D:4      | Found a burning altar of Makhleb.
  4004 | D:4      | Reached skill level 5 in Conjurations
  4178 | D:4      | Learned a level 5 spell: Fireball
  4234 | D:4      | Found a stormy altar of Qazlal.
  4269 | D:5      | Entered Level 5 of the Dungeon
  4371 | D:5      | Reached XP level 8. HP: 41/41 MP: 16/22
  4527 | D:5      | Found a staircase to the Ecumenical Temple.
  4534 | Temple   | Entered the Ecumenical Temple
  4772 | D:5      | Found a snail-covered altar of Cheibriados.
  4906 | D:5      | Found a glowing silver altar of Zin.
  4906 | D:5      | Noticed an angel
  5828 | D:6      | Found a white marble altar of Elyvilon.
  5828 | D:6      | Found an opulent altar of Gozag.
  6106 | D:7      | Noticed grom234's ghost (novice FoAK)
  6199 | D:7      | Reached XP level 9. HP: 45/45 MP: 20/24
  6248 | D:7      | Killed grom234's ghost
  6248 | D:7      | Reached skill level 10 in Spellcasting
  7287 | D:8      | Found an ancient bone altar of Kikubaaqudgha.
  7290 | D:8      | Noticed a troll
  7322 | D:8      | Killed a troll
  7461 | D:8      | Noticed a dagger
  7462 | D:8      | Noticed a hand axe
  7465 | D:8      | Found a hide-covered altar of Uskayaw.
  7526 | D:8      | Found the +3 Elemental Staff {rElec rF++ rC++ MR++ AC+5}
  7546 | D:8      | Noticed a two-headed ogre
  7551 | D:8      | Killed a two-headed ogre
  7551 | D:8      | Reached XP level 10. HP: 51/51 MP: 9/27
  7691 | D:8      | You fall through a shaft for 3 floors!
  7723 | D:10     | Entered Level 10 of the Dungeon
  8302 | D:9      | Reached skill level 10 in Fire Magic
  8453 | D:9      | Noticed a deep elf mage
  8466 | D:9      | Killed a deep elf mage
  8477 | D:9      | Noticed a deep elf mage
  8481 | D:9      | Killed a deep elf mage
  8484 | D:9      | Noticed a deep elf mage
  8486 | D:9      | Killed a deep elf mage
  8489 | D:9      | Noticed a two-headed ogre
  8501 | D:9      | Noticed Maurice
  8879 | D:8      | Reached skill level 1 in Fighting
  8886 | D:8      | Noticed Joseph
  8895 | D:8      | Killed Joseph
  9118 | D:8      | Found Huud's Gadget Emporium.
  9398 | D:9      | Reached XP level 11. HP: 56/56 MP: 4/30
  9538 | D:9      | Noticed a purple ugly thing
  9542 | D:9      | Noticed a cyan ugly thing
  9543 | D:9      | Killed a purple ugly thing
  9546 | D:9      | Killed a cyan ugly thing
  9693 | D:9      | Noticed a two-headed ogre
  9697 | D:9      | Reached skill level 10 in Conjurations
  9701 | D:9      | Killed a two-headed ogre
  9705 | D:9      | Killed Maurice
 10456 | D:9      | Found a radiant altar of Vehumet.
 10460 | D:9      | Became a worshipper of Vehumet
 10760 | D:10     | Noticed a cyan ugly thing
 10820 | D:10     | Killed a cyan ugly thing
 11630 | D:9      | Killed a two-headed ogre
 11630 | D:9      | Reached skill level 5 in Dodging
 11992 | D:11     | Found a staircase to the Lair.
 12097 | D:11     | Reached * piety under Vehumet
 12097 | D:11     | Offered knowledge of Sandblast by Vehumet.
 12279 | D:11     | Identified Kikubaaqudgha's Guide on Stolen Souls
 12590 | D:11     | Found a staircase to the Orcish Mines.
 13057 | D:12     | Learned a level 5 spell: Lightning Bolt
 13060 | D:12     | Learned a level 2 spell: Blink
 13669 | D:12     | Offered knowledge of Freeze by Vehumet.
 13845 | D:12     | Noticed a cyan ugly thing
 13849 | D:12     | Killed a cyan ugly thing
 13849 | D:12     | Reached ** piety under Vehumet
 13849 | D:12     | Reached XP level 12. HP: 61/61 MP: 14/32
 14296 | D:13     | Reached skill level 15 in Spellcasting
 14718 | D:13     | Noticed a two-headed ogre
 14720 | D:13     | Killed a two-headed ogre
 15137 | D:13     | Noticed a two-headed ogre
 15146 | D:13     | Killed a two-headed ogre
 15307 | D:13     | Identified the Incunabulum of Frigorific Clay
 15672 | D:14     | Offered knowledge of Ignite Poison by Vehumet.
 15873 | D:14     | Found a sparkling altar of Nemelex Xobeh.
 15888 | D:14     | Noticed a two-headed ogre
 15897 | D:14     | Killed a two-headed ogre
 16015 | D:14     | Noticed Nessos
 16018 | D:14     | Killed Nessos
 16588 | D:14     | Found a sacrificial altar of Ru.
 16628 | D:14     | Noticed a centaur warrior
 16710 | Lair:1   | Entered Level 1 of the Lair of Beasts
 16866 | Lair:1   | Reached *** piety under Vehumet
 17605 | Lair:1   | Got an ancient wooden ring
 17949 | Lair:1   | Identified the ring "Opal" {Fire +Blink Str+2 Stlth-} (You found it on level 1 of the Lair of Beasts)
 18335 | Lair:2   | Found a blossoming altar of Fedhas.
 18429 | Lair:1   | Reached XP level 13. HP: 27/65 MP: 30/35
 18798 | Lair:2   | Learned a level 5 spell: Bolt of Magma
 18940 | Lair:2   | Offered knowledge of Dazzling Spray by Vehumet.
 20498 | Lair:3   | Found a staircase to the Shoals.
 20612 | Lair:3   | Found a staircase to the Snake Pit.
 21119 | Lair:4   | Reached **** piety under Vehumet
 21130 | Lair:4   | Offered knowledge of Bolt of Draining by Vehumet.
 21389 | Lair:4   | Upgraded the game from 0.22-a0-305-gd21a89c to 0.22-a0-322-g60b3cfd
 22146 | Lair:4   | Got a slimy robe
 22157 | Lair:4   | Identified the +1 robe "Qamusyl" {rPois rC+++ Dex-2 Slay+5} (You found it on level 4 of the Lair of Beasts)
 22719 | Lair:5   | Noticed Urug
 22722 | Lair:5   | Killed Urug
 22886 | Lair:5   | Found a dark tunnel.
 22899 | Volcano  | Entered a volcano
 23450 | Volcano  | Reached XP level 14. HP: 72/72 MP: 18/37
 23731 | Volcano  | Reached skill level 1 in Air Magic
 24469 | Volcano  | Found a burning altar of Makhleb.
 25373 | Lair:5   | Found a staircase to the Slime Pits.
 25643 | Lair:6   | Entered Level 6 of the Lair of Beasts
 26140 | Lair:6   | Reached skill level 5 in Stealth
 27078 | Lair:6   | Found a blossoming altar of Fedhas.
 27101 | Lair:6   | Reached ***** piety under Vehumet
 27101 | Lair:6   | Offered knowledge of Iskenderun's Battlesphere by Vehumet.
 27595 | Orc:1    | Entered Level 1 of the Orcish Mines
 27659 | Orc:1    | Noticed Harold
 27662 | Orc:1    | Killed Harold
 27859 | Orc:1    | Found a flagged portal.
 27874 | Bailey   | Entered a bailey
 28190 | Orc:1    | Noticed anet's ghost (journeyman GnWz)
 28205 | Orc:1    | Killed anet's ghost
 28304 | Orc:2    | Entered Level 2 of the Orcish Mines
 28304 | Orc:2    | Found a staircase to the Elven Halls.
 29087 | Orc:2    | Offered knowledge of Bolt of Fire by Vehumet.
 29351 | Orc:1    | Learned a level 6 spell: Bolt of Fire
 29530 | Orc:1    | Noticed Nergalle
 29532 | Orc:1    | Killed Nergalle
 29742 | Orc:2    | Found a roughly hewn altar of Beogh.
 30181 | Orc:2    | Found a roughly hewn altar of Beogh.
 30184 | Orc:2    | Reached skill level 15 in Conjurations
 30186 | Orc:2    | Found Gufogi's Food Emporium.
 30251 | Orc:2    | Found a roughly hewn altar of Beogh.
 30365 | Orc:2    | Found a roughly hewn altar of Beogh.
 30372 | Orc:2    | Found Utarou Betz's Food Shop.
 30563 | Orc:2    | Reached skill level 15 in Fire Magic
 30655 | Orc:2    | Noticed an orc warlord
 30670 | Orc:2    | Killed an orc warlord
 30782 | Orc:2    | Offered knowledge of Bolt of Cold by Vehumet.
 30790 | Orc:2    | Learned a level 6 spell: Bolt of Cold
 30880 | Orc:2    | Found Eson's Antique Weapon Shop.
 30884 | Orc:2    | Found Meifow's Antique Armour Boutique.
 30885 | Orc:2    | Found a roughly hewn altar of Beogh.
 30896 | Orc:2    | Bought a glowing helmet for 277 gold pieces
 30896 | Orc:2    | Bought an embroidered cloak for 277 gold pieces
 31150 | Orc:2    | Found a roughly hewn altar of Beogh.
 31692 | D:14     | Noticed Louise
 31695 | D:14     | Killed Louise
 31761 | D:14     | Got a faintly glowing large shield
 31767 | D:14     | Identified the +4 large shield of Owkiot Qeant {rElec rPois Str-5 Stlth+} (You took it off Louise on level 14 of the Dungeon)
 31914 | D:7      | You fall through a shaft!
 32642 | D:14     | Found a gate to the Vaults.
 32723 | D:15     | Entered Level 15 of the Dungeon
 32773 | D:15     | Reached XP level 15. HP: 76/76 MP: 20/40
 32912 | D:15     | Reached skill level 1 in Shields
 33629 | D:15     | Noticed Rupert
 33633 | D:15     | Killed Rupert
 34440 | D:15     | Found a staircase to the Depths.
 34441 | D:15     | Noticed a fire giant
 34449 | D:15     | Killed a fire giant
 35149 | Snake:1  | Entered Level 1 of the Snake Pit
 35229 | Snake:1  | Offered knowledge of Spellforged Servitor by Vehumet.
 36819 | Snake:2  | Noticed Roxanne
 37280 | Snake:2  | Reached XP level 16. HP: 80/80 MP: 16/42
 38122 | Snake:2  | Reached skill level 5 in Shields
 38995 | Snake:2  | Killed Roxanne
 38997 | Snake:2  | Identified Roxanne's Reference Book on Earth (You took it off Roxanne on level 2 of the Snake Pit)
 39182 | Snake:3  | Offered knowledge of Orb of Destruction by Vehumet.
 39805 | Snake:3  | Found a basalt altar of Yredelemnul.
 39819 | Snake:3  | Reached skill level 1 in Evocations
 40052 | Snake:4  | Entered Level 4 of the Snake Pit
 40405 | Snake:4  | Found Giel's Assorted Antiques.
 40415 | Snake:4  | Bought a scroll of summoning for 275 gold pieces
 40415 | Snake:4  | Bought a pair of glowing gloves for 217 gold pieces
 40415 | Snake:4  | Bought a scroll of identify for 58 gold pieces
 41551 | Snake:4  | Reached XP level 17. HP: 84/84 MP: 14/44
 41949 | Snake:4  | Reached ****** piety under Vehumet
 42956 | Snake:4  | Got a serpentine rune of Zot
 43246 | Shoals:1 | Entered Level 1 of the Shoals
 43252 | Shoals:1 | Noticed Frances
 43257 | Shoals:1 | Noticed Aizul
 43395 | Shoals:1 | Killed Aizul
 43687 | Shoals:1 | Killed Frances
 43853 | Shoals:1 | Offered knowledge of Freezing Cloud by Vehumet.
 44450 | Shoals:2 | Identified a scroll of acquirement
 44502 | Shoals:2 | Noticed TheNamelessOne's ghost (adept DsCK)
 44721 | Shoals:2 | Killed TheNamelessOne's ghost
 46022 | Shoals:3 | Noticed a kraken
 46025 | Shoals:3 | Killed a kraken
 46399 | Shoals:4 | Entered Level 4 of the Shoals
 46586 | Shoals:4 | Offered knowledge of Conjure Ball Lightning by Vehumet.
 46586 | Shoals:4 | Reached XP level 18. HP: 89/89 MP: 43/46
 46591 | Shoals:4 | Noticed Ilsuiw
 46904 | Shoals:4 | Killed Ilsuiw
 47244 | Shoals:4 | Found Wunnun's Whimsical Warehouse.
 47647 | Shoals:4 | Got a polished dagger
 47650 | Shoals:4 | Identified the +4 dagger of the Skies Above {pierce, *Rage Int+7} (You found it on level 4 of the Shoals)
 48390 | Shoals:4 | Got a barnacled rune of Zot
 48720 | Vaults:1 | Entered Level 1 of the Vaults
 49700 | Vaults:1 | Noticed Jorgrun
 49704 | Vaults:1 | Killed Jorgrun
 49959 | Vaults:1 | Offered knowledge of Lehudib's Crystal Spear by Vehumet.
 49959 | Vaults:1 | Offered knowledge of Fire Storm by Vehumet.
 49959 | Vaults:1 | Offered knowledge of Tornado by Vehumet.
 49970 | Vaults:1 | Learned a level 9 spell: Fire Storm
 50548 | Vaults:1 | Reached XP level 19. HP: 90/90 MP: 45/48
 51560 | Vaults:2 | Reached skill level 1 in Ice Magic
 51921 | Vaults:2 | Found a staircase to the Crypt.
 52564 | Vaults:2 | Reached skill level 10 in Shields
 53154 | Vaults:2 | Reached skill level 1 in Translocations
 54012 | Vaults:3 | Reached XP level 20. HP: 91/95 MP: 36/50
 54580 | Vaults:3 | Found Onker's Weapon Shoppe.
 55888 | Vaults:4 | Found a hazy altar of Hepliaklqana.
 57534 | Depths:1 | Entered Level 1 of the Depths
 57537 | Depths:1 | Reached XP level 21. HP: 100/100 MP: 47/52
 57662 | D:14     | Learned a level 5 spell: Lee's Rapid Deconstruction
 58008 | Depths:1 | Noticed Nikola
 58012 | Depths:1 | Killed Nikola
 58293 | Depths:1 | Reached skill level 1 in Earth Magic
 58416 | Depths:1 | Found Hagaiqan's General Store.
 58418 | Depths:1 | Found Ynayvyat's Antique Armour Shoppe.
 58420 | Depths:1 | Found Kapnuh's Book Emporium.
 58425 | Depths:1 | Bought a scroll of teleportation for 45 gold pieces
 58457 | Depths:1 | Found a gateway to Hell.
 59513 | Depths:2 | Found a gateway to a ziggurat.
 59572 | Depths:2 | Noticed Bai Suzhen
 59576 | Depths:2 | Killed Bai Suzhen
 59626 | Depths:2 | Found a shattered altar of Ashenzari.
 59923 | Depths:2 | Got a scintillating wooden ring
 59925 | Depths:2 | Identified the ring "Joshais" {rPois rN+ MR+ Str+3 Stlth-} (You acquired it on level 2 of the Depths)
 60582 | Depths:2 | Reached XP level 22. HP: 105/105 MP: 25/54
 61746 | Depths:2 | Got a crude helmet
 61757 | Depths:2 | Identified the cursed +0 helmet "Udacokh" {rElec Dex+3} (You found it on level 2 of the Depths)
 63086 | Depths:3 | Found a one-way gate leading to the halls of Pandemonium.
 63331 | Depths:3 | Reached skill level 27 in Spellcasting
 63345 | Depths:3 | Noticed a golden dragon
 63348 | Depths:3 | Killed a golden dragon
 63751 | Depths:4 | Found a one-way gate to the infinite horrors of the Abyss.
 63771 | Depths:4 | Noticed an ancient lich
 63775 | Depths:4 | Killed an ancient lich
 63775 | Depths:4 | Reached skill level 5 in Ice Magic
 63780 | Depths:4 | Reached XP level 23. HP: 78/109 MP: 15/56
 64082 | Depths:4 | Got a bloodstained dagger {pierce}
 64083 | Depths:4 | Identified the +7 dagger of an ice cave {pierce, +Blink rPois Str+7 Int-5} (You took it off a hell knight on level 4 of the Depths)
 64468 | Depths:3 | Learned a level 8 spell: Lehudib's Crystal Spear
 65705 | Depths:3 | Noticed a juggernaut
 65707 | Depths:3 | Killed a juggernaut
 66767 | Depths:5 | Entered Level 5 of the Depths
 68450 | Depths:5 | Found a gate to the Realm of Zot.
 68940 | Elf:1    | Entered Level 1 of the Elven Halls
 69449 | Elf:1    | Reached XP level 24. HP: 88/113 MP: 30/56
 70251 | Elf:1    | Got a sparkling brass ring
 70252 | Elf:1    | Identified the ring of Cetaxeaq {rC+ MP+9 SInv} (You acquired it on level 1 of the Elven Halls)
 70635 | Elf:2    | Found Jeyqyo's Antique Weapon Boutique.
 71235 | Elf:2    | Found a runed gate.
 71235 | Elf:2    | Found a runed gate.
 71236 | Elf:2    | Found a runed gate.
 71279 | Elf:2    | Noticed Azrael
 71283 | Elf:2    | Killed Azrael
 71828 | Elf:2    | HP: 3/111 [halberd of protection (24)]
 72487 | Elf:3    | Entered Level 3 of the Elven Halls
 73307 | Elf:3    | Noticed Bazinga's ghost (adept DsBe)
 73340 | Elf:3    | Killed Bazinga's ghost
 73914 | Elf:3    | Identified the Incunabulum of Fetching Clay
 74188 | Elf:3    | Identified Huyf's Disquisition on Helpful Flight
 74328 | Elf:3    | Found Yxuhu's Gadget Shop.
 74329 | Elf:3    | Found Keirphij's Jewellery Shoppe.
 74329 | Elf:3    | Found Faref's Jewellery Shoppe.
 74890 | Vaults:5 | Entered Level 5 of the Vaults
 75105 | Vaults:5 | Reached XP level 25. HP: 101/122 MP: 5/56
 75871 | Vaults:5 | Noticed an ancient lich
 75877 | Vaults:5 | Killed an ancient lich
 75877 | Vaults:5 | Reached skill level 15 in Shields
 77005 | Vaults:5 | Got a translucent bone amulet
 77626 | Vaults:5 | Identified the amulet "Zicwutwo" {Spirit rN+ Int+2} (You took it off a necromancer on level 5 of the Vaults)
 78185 | Vaults:5 | Identified the Reference Book on Supportive Transformation
 78494 | Vaults:5 | Identified Sif Muna's Papyrus of Sinister Poison
 78551 | Vaults:5 | Got an encrusted morningstar {flame}
 78552 | Vaults:5 | Identified the +5 morningstar of Wiarunni {flame, +Fly MR+ Stlth+} (You took it off a deep elf demonologist on level 5 of the Vaults)
 78767 | Vaults:5 | Got a silver rune of Zot
 79893 | Zot:1    | Entered Level 1 of the Realm of Zot
 80558 | Crypt:1  | Entered Level 1 of the Crypt
 80572 | Crypt:1  | Noticed Margery
 80575 | Crypt:1  | Reached XP level 26. HP: 127/127 MP: 31/56
 80576 | Crypt:1  | Killed Margery
 82573 | Crypt:2  | Upgraded the game from 0.22-a0-322-g60b3cfd to 0.22-a0-348-gd16d139
 83930 | Crypt:3  | Entered Level 3 of the Crypt
 84891 | Crypt:3  | Reached skill level 5 in Earth Magic
 85329 | Crypt:3  | Found an ancient bone altar of Kikubaaqudgha.
 85495 | Crypt:3  | Found the +3 crown of Dyrovepreva {rElec Int+2 SInv}
 85959 | Depths:4 | Got a pair of crude boots
 85970 | Depths:4 | Identified the +0 pair of boots of Knowledge {+Fly rF+ Dex+3} (You found it on level 4 of the Depths)
 87238 | Crypt:3  | Found a staircase to the Tomb.
 87449 | Crypt:3  | Identified the Collected Works on Dark Secrets
 87675 | Crypt:3  | Learned a level 7 spell: Ring of Flames
 88161 | Depths:4 | Voluntarily entered the Abyss.
 88243 | Abyss:2  | Got a dazzling crystal plate armour
 88244 | Abyss:2  | Identified the +1 crystal plate armour of Bulaical {rF- Str+7 Dex+4} (You acquired it on level 2 of the Abyss)
 88373 | Abyss:2  | Gained mutation: You are weak. (Str -2) [a neqoxec]
 88375 | Abyss:2  | Gained mutation: Your magical capacity is low. (-10% MP) [a neqoxec]
 88377 | Abyss:2  | Gained mutation: Scrolls take you a little longer to read. [a neqoxec]
 88668 | Abyss:2  | Paralysed by accursed screaming for 1 turns
 88670 | Abyss:2  | HP: 6/127 [starcursed mass/accursed screaming (8)]
 88731 | Abyss:2  | Found a corrupted altar of Lugonu.
 88883 | Depths:4 | Escaped the Abyss
 89031 | Depths:4 | Lost mutation: Scrolls take you a little longer to read. [potion of mutation]
 89031 | Depths:4 | Lost mutation: Your magical capacity is low. (-10% MP) [potion of mutation]
 89031 | Depths:4 | Lost mutation: You are weak. (Str -2) [potion of mutation]
 89031 | Depths:4 | Gained mutation: Scrolls take you a little longer to read. [potion of mutation]
 89031 | Depths:4 | Gained mutation: You expend magic power (3 MP) to strengthen your wands. [potion of mutation]
 89306 | Zot:1    | Reached XP level 27. HP: 132/132 MP: 3/56
 89495 | Zot:1    | Reached skill level 1 in Charms
 90309 | Zot:1    | Noticed an orb of fire
 90321 | Zot:1    | Gained mutation: Scrolls take you longer to read. [an orb of fire]
 90326 | Zot:1    | Killed an orb of fire
 91069 | Zot:1    | Reached skill level 27 in Conjurations
 91371 | Zot:1    | Learned a level 6 spell: Deflect Missiles
 93246 | Zot:2    | Reached skill level 10 in Dodging
 94145 | Zot:3    | Reached skill level 27 in Fire Magic
 94330 | Zot:3    | Reached skill level 5 in Translocations
 95294 | Zot:4    | Reached skill level 10 in Earth Magic
 96852 | Zig:1    | Entered Level 1 of a ziggurat
 96896 | Zig:2    | Entered Level 2 of a ziggurat
 96967 | Zig:3    | Entered Level 3 of a ziggurat
 97022 | Zig:4    | Entered Level 4 of a ziggurat
 97166 | Zig:5    | Entered Level 5 of a ziggurat
 97242 | Zig:5    | Identified the Tome of Igneous Earth
 97264 | Zig:5    | Got an ivory dagger
 97266 | Zig:5    | Identified the +5 dagger "Cekkip" {freeze, rN+++ MR+} (You found it on level 5 of a ziggurat)
 97299 | Zig:6    | Entered Level 6 of a ziggurat
 97450 | Zig:6    | Got a brightly glowing silver ring
 97451 | Zig:6    | Identified the Disquisition on Lightness and Moulding
 97471 | Zig:6    | Identified the ring "Pioh" {Fire Int+5} (You found it on level 6 of a ziggurat)
 97480 | Zig:7    | Entered Level 7 of a ziggurat
 97560 | Zig:7    | Found the +7 Spriggan's Knife {MR+ EV+4 Dex+4 Stlth+}
 97571 | Zig:7    | Got faintly glowing ice dragon scales
 97582 | Zig:7    | Identified the +8 ice dragon scales of Xaufiaq {rF- rC++ Regen+} (You found it on level 7 of a ziggurat)
 97681 | Zig:8    | Entered Level 8 of a ziggurat
 97893 | Zig:9    | Entered Level 9 of a ziggurat
 97935 | Zig:9    | Noticed Emeeghass the pandemonium lord
 97944 | Zig:9    | Mangled by Emeeghass the pandemonium lord

Vault maps used:
D:1:      dpeg_arrival_chambers_temple_mockup, nrook_mini_backslash
D:2:      nicolae_overflow_crystal_walls, chequers_ecumenical_altar_twisty
D:3:      marbit_many_paths
D:4:      lemuel_doored_altar, lemuel_crystal_altar, kennysheep_mini_moat,
          first_ration, guppyfry_early_lair_pool
D:5:      zin_angel, lemuel_crystal_altar, temple_green
D:6:      gammafunk_temple_overflow_elements, hex_large
D:7:      glass_columns_c
D:8:      dancing_weapons_uskayaw, kiku_gazebo_pond_becter, serial_shops, shop,
          uniq_joseph
D:9:      minmay_the_grid_3x2, vehumet_crystals, serial_curves, eino_curves_02,
          eino_curves_03, uniq_maurice
D:10:     serial_bayou_lagoon_b
D:11:     lair_entry_dummy, erik_orc_1, hangedman_little_slice_of_home, pond
D:14:     david_vaults_4, nemelex_xobeh_ov_fountains_minmay,
          lemuel_statue_altar, uniq_louise, uniq_nessos
D:15:     grunt_enter_depths_giant_problem, serial_park_tiny_1, uniq_rupert
Temple:   eino_temple_lava
Lair:1:   beast_lair_carwin_3
Lair:2:   tgw_fedhas
Lair:3:   minmay_shoals_entry_beasts, guppyfry_snake_entry_island,
          wad_woods_road_03, minivault_19, hibernation_bobbens
Lair:4:   beast_lair_carwin_11
Lair:5:   dpeg_slime_entry_corner, nicolae_volcano_entry_lava_flow,
          minmay_lair_oklob_bushes, uniq_urug
Lair:6:   wormcave, basic_altar
Shoals:1: kb_tengu_band, uniq_aizul, uniq_frances
Shoals:4: shoals_end_hangedman, shoal_ilsuiw, nicolae_alphabet_shops
Snake:1:  nrook_guardian_serpent_double, serial_bayou_shore_b
Snake:2:  grunt_ministairs_14, uniq_roxanne
Snake:3:  basic_altar
Snake:4:  snake_pit, serial_shops, shop, st_stairs_10, nicolae_snake_shapes
Orc:1:    enter_bailey_3, uniq_nergalle, uniq_harold
Orc:2:    grunt_orc_community_town_hall, grunt_orc_community_big_house_2,
          grunt_orc_community_big_house_2, grunt_orc_community_house_3,
          grunt_orc_community_house_2, grunt_orc_community_house_3,
          grunt_orc_community_house_2, mines2_david
Elf:1:    eino_elf_arrival_customs, hangedman_corner_corridor
Elf:2:    serial_shops, nicolae_shop_behind_doors, uniq_azrael
Elf:3:    grunt_elf_hall_branching, grunt_megastairs_2, minmay_shop_grove
Vaults:1: v_misc_27, ontoclasm_vaults_idyll, ontoclasm_vaults_ring_small,
          vaults_room_pool, hangedman_vaults_nodes,
          nicolae_vaults_three_branches, v_misc_2, vaults_dpeg_ring,
          nicolae_vaults_yaktaur_gun_rack, uniq_jorgrun
Vaults:2: grunt_vaults_diagonal, v_rooms_5, vaults_mumra_chevron_long,
          vaults_room_stairs_pillars, v_misc_9,
          nicolae_vaults_twisting_passages, v_misc_15, hangedman_vaults_stream,
          minmay_crypt_entry_vampire_xt, v_rooms_3,
          nicolae_vaults_little_squares_6, v_misc_13, grunt_vaults_twisty
Vaults:3: nicolae_vaults_stairing_the_circle, nicolae_vaults_network_s,
          nicolae_vaults_network_star, vaults_room_corners, v_misc_30,
          vaults_room_fancy_cross, nicolae_vaults_shelves_hall,
          vaults_room_door_hall, stair_cage_open, nicolae_vaults_theta,
          serial_shops, shop
Vaults:4: nicolae_vaults_border_crossing, nicolae_vaults_little_squares_1,
          v_misc_30, ontoclasm_vaults_eye, vaults_mumra_chevron, v_misc_8,
          v_misc_30, nicolae_vaults_an_arrangement, hangedman_vaults_unwind,
          nicolae_vaults_sealed_display, nicolae_vaults_bisected_slash,
          vaults_dpeg_hooks, serial_ice_b, basic_altar
Crypt:1:  st_stairs_13, hex_tiny, uniq_margery
Crypt:3:  quadcrypt_mu
Depths:1: hell_entry, nicolae_lava_and_water, spider_trap,
          hangedman_cracks_in_the_wall, minmay_shop_star, uniq_nikola
Depths:2: grunt_twisty_corner, enter_ziggurat_f, ashenzari_altar_1, hell_entry,
          infiniplex_staircase_door_maze, uniq_bai_suzhen
Depths:3: minmay_nested_s, grunt_pan_entry_in_and_out, pf_coc_iceberg,
          infiniplex_staircase_pool_2, grunt_decor_one_mirror
Depths:4: hangedman_crystal_crosses_colossus, hell_entry, abyss_entry
Depths:5: grunt_zot_entry_pinwheel, serial_bayou_pond_c, hellmouth_3
Zot:1:    infiniplex_zot_generator, grunt_ministairs_9
Zot:2:    basic_stair_grate_trap
Abyss:1:  minivault_4
Zig:5:    ziggurat_pillar_centre_oklobs
Bailey:   bailey_polearm_4, bailey
Volcano:  volcano_lake

Skill      XL: |  1  2  3  4  5  6  7  8  9 10 11 12 13 14 15 16 17 18 19 20 21 22 23 24 25 26 27 |
---------------+----------------------------------------------------------------------------------+-----
Spellcasting   | 4 6 8 9 11 13 14 16 17 19 20 21 22 23 24 25 26 27 | 27.0
Fire Magic     | 4 5 7 9 10 12 13 14 15 16 17 18 19 20 21 22 23 25 26 27 | 27.0
Dodging        | 3 4 5 6 7 8 9 11 | 11.2
Stealth        | 3 4 5 |  5.5
Conjurations   | 2 3 4 5 6 8 9 11 12 14 15 16 17 18 19 20 21 22 23 24 25 26 27 | 27.0
Fighting       | 1 2 3 |  3.4
Air Magic      | 2 3 4 8 |  8.9
Shields        | 4 6 7 9 10 11 12 13 14 15 16 17 | 17.7
Evocations     | 1 2 3 |  3.7
Ice Magic      | 1 2 4 5 6 7 9 |  9.9
Translocations | 1 2 6 |  6.0
Earth Magic    | 2 3 4 6 13 | 13.2
Charms         | 1 |  1.0
Short Blades   | |  0.1

Action                   |  1- 3 |  4- 6 |  7- 9 | 10-12 | 13-15 | 16-18 | 19-21 | 22-24 | 25-27 || total
-------------------------+-------+-------+-------+-------+-------+-------+-------+-------+-------++-------
Melee: Unarmed           |     1 |     1 |       |       |       |       |       |       |       ||     2
       Dagger            |       |       |     3 |    13 |     5 |       |       |       |       ||    21
       Staff             |       |       |       |       |     2 |       |    18 |       |     4 ||    24
 Cast: Flame Tongue      |    56 |   125 |   223 |   401 |   402 |    82 |    84 |    23 |   115 ||  1511
       Throw Flame       |       |     3 |    13 |    86 |    80 |     7 |    15 |     1 |     1 ||   206
       Conjure Flame     |       |     3 |     8 |    16 |    19 |     7 |     5 |     1 |     6 ||    65
       Sticky Flame      |       |     2 |    14 |    57 |    74 |    14 |    15 |    16 |    27 ||   219
       Fireball          |       |       |    11 |    66 |   184 |   179 |    27 |    38 |     7 ||   512
       Lightning Bolt    |       |       |       |    13 |    87 |    15 |       |     2 |       ||   117
       Bolt of Magma     |       |       |       |       |     6 |       |       |       |       ||     6
       Bolt of Fire      |       |       |       |       |    86 |   300 |   252 |   406 |   508 ||  1552
       Blink             |       |       |       |       |     4 |     3 |     1 |     6 |     8 ||    22
       Bolt of Cold      |       |       |       |       |     1 |    13 |    38 |   102 |    52 ||   206
       Fire Storm        |       |       |       |       |       |     3 |    87 |    73 |   100 ||   263
       Lee's Rapid Decon |       |       |       |       |       |       |    10 |     2 |       ||    12
       Lehudib's Crystal |       |       |       |       |       |       |       |    14 |   121 ||   135
       Ring of Flames    |       |       |       |       |       |       |       |       |     3 ||     3
 Abil: Evoke Flight      |       |       |       |       |       |       |       |       |     3 ||     3
Evoke: Wand              |       |       |     2 |       |     3 |     3 |     2 |       |    12 ||    22
  Use: Scroll            |       |     9 |       |    13 |    11 |     6 |     6 |     8 |    11 ||    64
       Potion            |       |       |       |     5 |     2 |     2 |       |     1 |     8 ||    18
  Eat: Chunk             |     2 |     7 |    13 |    30 |    40 |    26 |    37 |    31 |    37 ||   223
       Ration            |       |       |       |     2 |     5 |     5 |     5 |     7 |    11 ||    35
Armor: Robe              |     9 |    12 |    16 |    34 |    63 |    12 |     8 |    19 |    60 ||   233
Dodge: Dodged            |    23 |    21 |    46 |   113 |   136 |    33 |    23 |    60 |   140 ||   595
Block: Other             |       |     1 |    11 |    18 |    24 |       |       |       |       ||    54
       Reflection        |       |       |     2 |       |     2 |    14 |    18 |    12 |    13 ||    61
       Buckler           |       |       |       |       |     7 |    44 |    48 |    58 |   130 ||   287

Table legend:
 A = Spawn XP
 B = Non-spawn XP
 C = Spawn XP percentage of total XP
 D = Spawn monster count
 E = Non-spawn monster count
 F = Spawn count percentage of total count
 G = Total turns spent on level
                    A         B        C        D         E        F      G
               +---------+---------+-------+---------+---------+-------+---------
         Total |   24279 | 1781120 |   1.3 |      39 |    2720 |   1.4 | 97944
               +---------+---------+-------+---------+---------+-------+---------
           D:1 |       0 |      39 |   0.0 |       0 |      14 |   0.0 |   988
           D:2 |       0 |     114 |   0.0 |       0 |      34 |   0.0 |  1586
           D:3 |       0 |     511 |   0.0 |       0 |      34 |   0.0 |  1142
           D:4 |       0 |     595 |   0.0 |       0 |      17 |   0.0 |   718
           D:5 |       0 |     531 |   0.0 |       0 |      14 |   0.0 |   812
           D:6 |       0 |     590 |   0.0 |       0 |      18 |   0.0 |   942
           D:7 |       0 |    1916 |   0.0 |       0 |      35 |   0.0 |  1163
           D:8 |       0 |    2755 |   0.0 |       0 |      23 |   0.0 |  1622
           D:9 |       0 |    8321 |   0.0 |       0 |      55 |   0.0 |  1454
          D:10 |       0 |    3071 |   0.0 |       0 |      28 |   0.0 |  1646
          D:11 |       0 |    2033 |   0.0 |       0 |      39 |   0.0 |  1900
          D:12 |       0 |    2431 |   0.0 |       0 |      18 |   0.0 |  1799
          D:13 |       0 |    5670 |   0.0 |       0 |      28 |   0.0 |  1166
          D:14 |       0 |   10534 |   0.0 |       0 |      23 |   0.0 |  2574
          D:15 |       0 |   24856 |   0.0 |       0 |      48 |   0.0 |  2541
        Lair:1 |       0 |    4083 |   0.0 |       0 |      24 |   0.0 |  1852
        Lair:2 |       0 |    3795 |   0.0 |       0 |      18 |   0.0 |  1536
        Lair:3 |       0 |    5136 |   0.0 |       0 |      17 |   0.0 |  1956
        Lair:4 |       0 |   11485 |   0.0 |       0 |      35 |   0.0 |  1524
        Lair:5 |       0 |    8680 |   0.0 |       0 |      18 |   0.0 |  1147
        Lair:6 |       0 |   10170 |   0.0 |       0 |      40 |   0.0 |  1694
      Shoals:1 |       0 |   13716 |   0.0 |       0 |      22 |   0.0 |  1118
      Shoals:2 |       0 |   23641 |   0.0 |       0 |      42 |   0.0 |  1030
      Shoals:3 |       0 |   10520 |   0.0 |       0 |      15 |   0.0 |  1095
      Shoals:4 |       0 |   44466 |   0.0 |       0 |      71 |   0.0 |  1740
       Snake:1 |       0 |   23213 |   0.0 |       0 |      40 |   0.0 |  2467
       Snake:2 |       0 |   24124 |   0.0 |       0 |      38 |   0.0 |  2130
       Snake:3 |       0 |    9669 |   0.0 |       0 |      22 |   0.0 |   367
       Snake:4 |       0 |   55254 |   0.0 |       0 |      89 |   0.0 |  3111
         Orc:1 |       0 |    5004 |   0.0 |       0 |      52 |   0.0 |  1667
         Orc:2 |       0 |    7634 |   0.0 |       0 |      93 |   0.0 |  1710
         Elf:1 |       0 |   32777 |   0.0 |       0 |      49 |   0.0 |  1690
         Elf:2 |       0 |   60125 |   0.0 |       0 |      96 |   0.0 |  1940
         Elf:3 |       0 |   74127 |   0.0 |       0 |      73 |   0.0 |  1996
      Vaults:1 |       0 |   46167 |   0.0 |       0 |      92 |   0.0 |  2136
      Vaults:2 |       0 |   82123 |   0.0 |       0 |     152 |   0.0 |  2645
      Vaults:3 |       0 |   56614 |   0.0 |       0 |      76 |   0.0 |  2268
      Vaults:4 |       0 |   63866 |   0.0 |       0 |      97 |   0.0 |  1716
      Vaults:5 |       0 |  167706 |   0.0 |       0 |     154 |   0.0 |  4614
       Crypt:1 |       0 |   34369 |   0.0 |       0 |      46 |   0.0 |  1459
       Crypt:2 |       0 |   61274 |   0.0 |       0 |      66 |   0.0 |  2086
       Crypt:3 |       0 |   55912 |   0.0 |       0 |      75 |   0.0 |  3093
      Depths:1 |       0 |   48722 |   0.0 |       0 |      68 |   0.0 |  2109
      Depths:2 |       0 |  129627 |   0.0 |       0 |     134 |   0.0 |  2480
      Depths:3 |       0 |   90429 |   0.0 |       0 |      98 |   0.0 |  3422
      Depths:4 |     275 |   71457 |   0.4 |       1 |      50 |   2.0 |  2564
      Depths:5 |       0 |   51745 |   0.0 |       0 |      53 |   0.0 |  2183
         Zot:1 |       0 |   93560 |   0.0 |       0 |      65 |   0.0 |  2969
         Zot:2 |       0 |   52171 |   0.0 |       0 |      32 |   0.0 |  1321
         Zot:3 |       0 |   39652 |   0.0 |       0 |      25 |   0.0 |  1235
         Zot:4 |       0 |   73715 |   0.0 |       0 |      45 |   0.0 |  1728
       Abyss:2 |   24004 |    2942 |  89.1 |      38 |      14 |  73.1 |   671
         Zig:1 |       0 |    1046 |   0.0 |       0 |       2 |   0.0 |    44
         Zig:2 |       0 |    2882 |   0.0 |       0 |       3 |   0.0 |    71
         Zig:3 |       0 |    2292 |   0.0 |       0 |       6 |   0.0 |    55
         Zig:4 |       0 |    9391 |   0.0 |       0 |       3 |   0.0 |   144
         Zig:5 |       0 |    8004 |   0.0 |       0 |       9 |   0.0 |   133
         Zig:6 |       0 |    6632 |   0.0 |       0 |       9 |   0.0 |   181
         Zig:7 |       0 |    9887 |   0.0 |       0 |      13 |   0.0 |   201
         Zig:8 |       0 |   13369 |   0.0 |       0 |      12 |   0.0 |   212
         Zig:9 |       0 |    6463 |   0.0 |       0 |       8 |   0.0 |    51
        Bailey |       0 |    2781 |   0.0 |       0 |      16 |   0.0 |   295
       Volcano |       0 |    4736 |   0.0 |       0 |      15 |   0.0 |  1910
               +---------+---------+-------+---------+---------+-------+---------
